 Dungeon Crawl Stone Soup version 0.31-a0-75-g6fe912e8c5 (webtiles) character file.

Game seed: 2951886781558641728

81 dohliylev the Grasshopper (level 4, 0/41 HPs)
             Began as a Troll Warper on May 23, 2023.
             Slain by Crazy Yiuf
             ... wielding a +2 quarterstaff of chaos
              (9 damage)
             ... while paralysed by Crazy Yiuf
             ... on level 3 of the Dungeon.
             The game lasted 00:05:21 (1897 turns).

dohliylev the Grasshopper (Troll Warper)            Turns: 1897, Time: 00:05:22

Health: 0/41       AC:  4    Str: 21    XL:     4   Next: 19%
Magic:  5/5        EV:  1    Int:  9    God:
Gold:   129        SH:  0    Dex:  9    Spells: 2/6 levels left

rFire   . .          .
                       - Unarmed
rCold   . . .        (no shield)
rNeg    . . .        a - +0 robe
rPois   .            (helmet restricted)
rElec   .            (no cloak)
rCorr   .            (gloves unavailable)
SInv    +            (boots unavailable)
Will    .....        (no amulet)
Stlth   +            e - ring of see invisible
HPRegen 1.06/turn    (no ring)
MPRegen 0.09/turn

%: no passive effects
@: paralysed
A: large, unfitting armour, claws 3, regeneration 1, shaggy fur 1, tough skin 1
a: no special abilities


You were on level 3 of the Dungeon.
You visited 1 branch of the dungeon, and saw 3 of its levels.

You collected 129 gold pieces.

Inventory:

Missiles
 c - 5 boomerangs of dispersal (quivered)
Armour
 a - a +0 robe (worn)
Jewellery
 e - a ring of see invisible (left claw)
Scrolls
 b - a scroll of blinking
 d - 2 scrolls of fog {unknown}
 g - 2 scrolls of identify {unknown}
 i - 2 scrolls of poison {unknown}
 k - 2 scrolls of enchant weapon {unknown}
 l - 2 scrolls of teleportation {unknown}
Potions
 f - 2 potions of curing {unknown}
 h - a potion of degeneration {unknown}
 j - a potion of resistance {unknown}
 m - a potion of might {unknown}


   Skills:
 + Level 1.6 Fighting
 + Level 1.1 Throwing
 + Level 2.2 Dodging
 + Level 2.5 Unarmed Combat
 + Level 1.5 Spellcasting
 + Level 3.0 Translocations


You had 2 spell levels left.
You knew the following spells:

 Your Spells              Type           Power      Damage    Failure   Level
a - Blink                 Tloc           12%        N/A       16%         2
b - Lesser Beckoning      Tloc           12%        N/A       16%         2

Your spell library contained the following spells:

 Spells                   Type           Power      Damage    Failure   Level
 Teleport Other           Tloc           6%         N/A       30%         3
 Vhi's Electric Charge    Tloc/Air       6%         N/A       52%         3
 Manifold Assault         Tloc           6%         N/A       69%         4


Dungeon Overview and Level Annotations

Branches:
Dungeon (3/15)

Altars:
Makhleb

Annotations:
D:3 Crazy Yiuf


Innate Abilities, Weirdness & Mutations

You are too large for most types of armour.
You have claws for hands.
Your natural rate of healing is unusually fast.
You are covered in fur. (AC +1)
You have tough skin. (AC +1)


Message History

You feel sick.
Your Translocations skill increases to level 3!
You feel sick.
You see here an adder corpse.
You feel sick.
k - 2 scrolls labelled WOITASHICIU (gained 1)
You feel sick.
You are no longer poisoned.
You start resting.
You start resting.
HP restored.
Found a stone staircase leading down.
Casting: Lesser Beckoning (safe; 16% risk of failure)
Confirm with . or Enter, or press ? or * to list all spells.
Okay, then.
Found a hammer.
Found a runed translucent door.
Crazy Yiuf shouts!
You open the door. You claw Crazy Yiuf!
Crazy Yiuf is moderately wounded.
Crazy Yiuf zaps a wand.
The puff of flame misses you.
You barely miss Crazy Yiuf.
Crazy Yiuf is moderately wounded.
Crazy Yiuf zaps a wand.
The puff of flame hits you!
You barely miss Crazy Yiuf.
Crazy Yiuf is moderately wounded.
Crazy Yiuf hits you with a +2 quarterstaff of chaos.
Crazy Yiuf burns you.
You claw Crazy Yiuf! You claw Crazy Yiuf, but do no damage.
Crazy Yiuf is almost dead.
Crazy Yiuf hits you with a +2 quarterstaff of chaos!
Crazy Yiuf draws strength from your wounds!
You scratch Crazy Yiuf. Your claw misses Crazy Yiuf.
Crazy Yiuf is almost dead.
Crazy Yiuf says, "Cake!"
Crazy Yiuf hits you with a +2 quarterstaff of chaos!
* * * LOW HITPOINT WARNING * * *
You suddenly lose the ability to move!
Crazy Yiuf hits you with a +2 quarterstaff of chaos!
You die...

##.####..##
##..# #....#
########..##
♣..♣.♣
.........##
♣...♣♣
......####
♣♣.♣♣
....>.# ♣.♣♣
......# ♣♣.♣
........
♣.♣♣
####.....
♣♣@♣ #......
#g# #......
... #...#
#..)# #####


You could see Crazy Yiuf.

Vanquished Creatures
  3 adders
  5 dart slugs (D:1)
  4 endoplasms (D:1)
  4 giant cockroaches
  5 goblins
  4 hobgoblins
  4 kobolds (D:1)
  2 quokkas
  A ball python (D:1)
  5 bats
  5 frilled lizards
  2 rats (D:1)
44 creatures vanquished.

Notes
Turn   | Place    | Note
-------+----------+-------------------------------------------
     0 | D:1      | dohliylev the Troll Warper began the quest for the Orb.
     0 | D:1      | Reached XP level 1. HP: 19/19 MP: 1/1
   121 | D:1      | Reached skill level 1 in Throwing
   121 | D:1      | Reached XP level 2. HP: 24/27 MP: 3/3
   145 | D:1      | Learned a level 2 spell: Blink
   359 | D:1      | Reached XP level 3. HP: 33/33 MP: 4/4
   391 | D:1      | Learned a level 2 spell: Lesser Beckoning
  1339 | D:2      | Found a burning altar of Makhleb.
  1532 | D:2      | Identified the +5 war axe "Beastbane" {spect, rF- rN+
                  | Str+5}
  1567 | D:2      | Reached XP level 4. HP: 41/41 MP: 5/5
  1833 | D:3      | Reached skill level 3 in Translocations
  1887 | D:3      | Found a runed translucent door.
  1888 | D:3      | Noticed Crazy Yiuf
  1896 | D:3      | Paralysed by Crazy Yiuf for 2 turns
  1897 | D:3      | Slain by Crazy Yiuf

Illustrated notes

Levels and vault maps discovered:
D:1:      amcnicky_arrival_double_pillar, layout_loops_ring, chequers_arboretum
D:2:      layout_loops_ring, basic_altar
D:3:      layout_basic, lemuel_coloured_pillars_altar,
          minmay_randomly_rotated_circles, uniq_ijyb, uniq_jessica,
          uniq_crazy_yiuf_cottage

Skill      XL: |  1  2  3  4 |
---------------+-------------+-----
Throwing       | 1 |  1.1
Dodging        | 2 |  2.2
Translocations | 3 |  3.0
Fighting       | |  1.6
Unarmed Combat | |  2.5
Spellcasting   | |  1.5

Action                     |  1- 3 |  4- 6 || total
---------------------------+-------+-------++-------
  Melee: Unarmed           |   126 |    18 ||   144
         Punch             |       |     1 ||     1
  Throw: Boomerang         |     2 |       ||     2
   Cast: Lesser Beckoning  |    12 |       ||    12
 Armour: Robe              |    56 |     4 ||    60
  Dodge: Dodged            |    65 |     5 ||    70

Table legend: (Time is in decaauts)
 A = Elapsed time spent in this place.
 B = Non-inter-level travel time spent in this place.
 C = Inter-level travel time spent in this place.
 D = Time resting spent in this place.
 E = Time spent auto-exploring this place.
 F = Levels seen in this place.
 G = Mean time per level.
                   A        B        C        D        E       F      G
               +--------+--------+--------+--------+--------+-----+--------+
         Total |   1890 |   1850 |     40 |    149 |   1239 |   3 |  630.0 |
       Dungeon |   1890 |   1850 |     40 |    149 |   1239 |   3 |  630.0 |
               +--------+--------+--------+--------+--------+-----+--------+

Top non-repeatable levels by time:
     D:1: 1095 daAuts
     D:2: 709 daAuts
     D:3: 86 daAuts
